 Dungeon Crawl Stone Soup version 0.28.0-53-g5a82cb258f (webtiles) character file.

Game seed: 10501316069008635753

2102 firemarshallily the Frost Mage (level 9, 0/67 HPs)
             Began as a Gnoll Wanderer on July 8, 2022.
             Was a Priest of Uskayaw.
             Slain by a killer bee (2 damage)
             ... on level 8 of the Dungeon.
             The game lasted 00:37:04 (10180 turns).

firemarshallily the Frost Mage (Gnoll Wanderer)    Turns: 10180, Time: 00:37:05

Health: 0/67       AC: 11    Str: 13    XL:     9   Next: 28%
Magic:  16/16      EV: 14    Int:  9    God:    Uskayaw [***...]
Gold:   308        SH:  0    Dex: 17    Spells: 10/18 levels left

rFire   . . .      SeeInvis .   B - +2 short sword (flame)
rCold   . . .      Faith    .   (no shield)
rNeg    . . .      Spirit   .   C - +0 steam dragon scales
rPois   .          Reflect  .   c - +1 helmet
rElec   .          Harm     .   k - +2 cloak {Stlth+}
rCorr   .          Rampage  .   (no gloves)
Will    .....      Clarity  +   (no boots)
Stlth   ++++......              (no amulet)
HPRegen 0.21/turn               (no ring)
MPRegen 0.15/turn               (no ring)

@: lethally poisoned (0 -> -9), flying
A: fangs 1, strong nose, distributed training, clarity
a: Renounce Religion, Stomp, Line Pass


You were on level 8 of the Dungeon.
You worshipped Uskayaw.
Uskayaw was noncommittal.
You visited 1 branch of the dungeon, and saw 8 of its levels.

You collected 591 gold pieces.
You spent 283 gold pieces at shops.

Inventory:

Hand Weapons
 a - a +1 shortbow
 s - a +1 rapier of holy wrath
 B - a +2 short sword of flaming (weapon)
Missiles
 b - 162 arrows
 h - 2 throwing nets
 i - 5 boomerangs
 m - 235 stones (quivered)
 p - 5 silver boomerangs
 w - 16 poisoned darts
Armour
 c - a +1 helmet (worn)
 d - the +6 chain mail of Eternal Night {rC- Int+5}
   (You found it on level 4 of the Dungeon)

   Int:       It affects your intelligence (+5).
   rC:        It makes you vulnerable to cold.
 k - a +2 cloak of stealth (worn)
 n - a +0 ring mail
 y - the +0 leather armour "Qudeodwuufu" {rPois}
   (You found it on level 4 of the Dungeon)

   rPois:     It protects you from poison.
 C - +0 steam dragon scales (worn)
Magical Staves
 o - a staff of conjuration
 u - a staff of fire
Wands
 j - a wand of flame (20)
 v - a wand of paralysis (11)
 D - a wand of polymorph (2)
 H - a wand of digging (6)
Scrolls
 e - a scroll of amnesia
 l - a scroll of vulnerability
 z - a scroll of holy word
 A - a scroll of fog
 F - a scroll of identify
 G - a scroll of magic mapping
Potions
 f - 2 potions of resistance
 g - 2 potions of mutation
 r - a potion of cancellation
 t - a potion of brilliance
 x - a potion of ambrosia


   Skills:
 + Level 4.9 Fighting
 + Level 4.1 Short Blades
 + Level 4.1 Long Blades
 + Level 4.1 Axes
 + Level 4.1 Maces & Flails
 + Level 4.1 Polearms
 + Level 4.1 Staves
 + Level 4.1 Slings
 + Level 4.9 Bows
 + Level 4.1 Crossbows
 + Level 4.1 Throwing
 + Level 4.1 Armour
 + Level 4.1 Dodging
 + Level 5.9 Stealth
 + Level 4.1 Shields
 + Level 4.1 Unarmed Combat
 + Level 5.0 Spellcasting
 + Level 3.3 Conjurations
 + Level 3.3 Hexes
 + Level 3.3 Summonings
 + Level 3.3 Necromancy
 + Level 3.3 Translocations
 + Level 3.3 Transmutations
 + Level 3.3 Fire Magic
 + Level 9.4 Ice Magic
 + Level 3.3 Air Magic
 + Level 3.3 Earth Magic
 + Level 3.3 Poison Magic
 + Level 4.5 Invocations
 + Level 4.1 Evocations


You had 10 spell levels left.
You knew the following spells:

 Your Spells              Type           Power      Damage    Failure   Level
a - Freeze                Ice            76%        1d9       1%          1
b - Hailstorm             Conj/Ice       13%        3d5       17%         4
c - Wereblood             Tmut           8%         N/A       10%         2
d - Foxfire               Conj/Fire      32%        2x1d5     6%          1

Your spell library contained the following spells:

 Spells                   Type           Power      Damage    Failure   Level
 Apportation              Tloc           16%        N/A       6%          1
 Sublimation of Blood     Necr           8%         N/A       10%         2
 Ice Form                 Ice/Tmut       13%        N/A       17%         4
 Conjure Flame            Conj/Fire      8%         6-21      19%         3
 Inner Flame              Hex/Fire       8%         N/A       19%         3
 Flame Wave               Conj/Fire      8%         2d5       52%         4
 Alistair's Intoxication  Tmut/Pois      5%         N/A       86%         5
 Summon Hydra             Summ           4%         N/A       100%        7


Dungeon Overview and Level Annotations

Branches:
Dungeon (8/15)             Temple (0/1) D:5
   Lair: D:8-11

Altars:
Elyvilon
Okawaru
Ru
Sif Muna
Uskayaw
Vehumet
Xom

Shops:
D:4 (?*   D:5 ?*

Annotations:
D:5 2 transporters, bchevrier's ghost, novice GnWn


Innate Abilities, Weirdness & Mutations

You have very sharp teeth.
Your uncanny sense of smell can sniff out nearby items.
Your experience applies equally to all skills.
You possess an exceptional clarity of mind.


Message History

You kill the killer bee!
You feel sick. The killer bee stings you!
* * * LOW HITPOINT WARNING * * *
The bullfrog hits you.
* * * LOW HITPOINT WARNING * * *
The killer bee barely misses you.
The killer bee stings you but does no damage.
The killer bee stings you!
* * * LOW HITPOINT WARNING * * *
You are lethally poisoned!
The killer bee poisons you!
The bullfrog hits you but does no damage.
The centaur hits you but does no damage.
The centaur barely misses you.
The killer bee stings you but does no damage.
Uskayaw will force your foes to helplessly watch your dance.
Uskayaw prepares the audience for your solo!
The helpless centaur fails to defend itself.
You impale the centaur!! You burn the centaur.
You kill the centaur!
Your surroundings suddenly seem different.
A jelly, 5 killer bees and 4 gnolls come into view.
A gnoll is wielding a +1 vorpal spear.
Found 20 stones and a scroll of identify.
Found a shimmering altar of Xom.
* * * LOW HITPOINT WARNING * * *
You feel very sick.
The killer bee buzzes angrily.
The gnoll shouts! x2
The killer bee buzzes angrily. x3; The gnoll shouts!
The jelly quivers.
The killer bee stings you but does no damage.
The killer bee buzzes angrily.
Okay, then.
It was a potion of flight.
You feel very buoyant.
You fly up into the air.
* * * LOW HITPOINT WARNING * * *
You feel sick. The killer bee completely misses you.
The killer bee barely misses you. The killer bee stings you.
You die...

#############
#.....@yy...#
#._...yyg.g.#
#...≈.y.....#
#.≈≈≈≈≈g.g..#
#...≈≈≈(....#
#J?.........#
#...........#
#............


You could see a jelly, 5 killer bees and 4 gnolls.

Vanquished Creatures
  Pikel (D:5)
  Eustachio (D:5)
  2 steam dragons
  A water moccasin (D:7)
  An orc warrior (D:7)
  2 ice beasts (D:7)
  A centaur (D:8)
  3 lemures
  2 scorpions
  2 wyvern skeletons (D:6)
  A killer bee (D:8)
  A centaur skeleton (D:7)
  3 hounds
  A jelly (D:5)
  A bullfrog skeleton (D:7)
  A gnoll shaman (D:4)
  3 iguanas
  A howler monkey zombie (D:7)
  9 gnolls
  6 adders
  An adder skeleton (D:4)
  A worm (D:2)
  4 dart slugs
  13 orcs
  7 ball pythons
  4 bats
  8 endoplasms
  2 giant cockroaches (D:1)
  5 goblins
  9 hobgoblins
  3 jackals (D:2)
  9 kobolds
  2 quokkas
  3 frilled lizards
  A quokka skeleton (D:4)
  7 rats
122 creatures vanquished.

Vanquished Creatures (others)
  3 plants (D:4)
3 creatures vanquished.

Grand Total: 125 creatures vanquished

Notes
Turn   | Place    | Note
-------+----------+-------------------------------------------
     0 | D:1      | firemarshallily the Gnoll Wanderer began the quest for the
                  | Orb.
     0 | D:1      | firemarshallily set off with the following items: a +0
                  | shortbow, 27 arrows, a +0 helmet, a +0 leather armour; and
                  | the following spell memorised: Freeze; and the following
                  | spells available to memorise: Hailstorm, Ice Form
     0 | D:1      | Reached XP level 1. HP: 17/17 MP: 4/4
   186 | D:1      | Reached XP level 2. HP: 19/23 MP: 5/5
   940 | D:1      | Reached XP level 3. HP: 28/28 MP: 7/7
  1227 | D:2      | Reached skill level 1 in Invocations
  1517 | D:2      | Reached skill level 1 in Short Blades
  1517 | D:2      | Reached skill level 1 in Long Blades
  1517 | D:2      | Reached skill level 1 in Axes
  1517 | D:2      | Reached skill level 1 in Maces & Flails
  1517 | D:2      | Reached skill level 1 in Polearms
  1517 | D:2      | Reached skill level 1 in Staves
  1517 | D:2      | Reached skill level 1 in Slings
  1517 | D:2      | Reached skill level 1 in Crossbows
  1517 | D:2      | Reached skill level 1 in Throwing
  1517 | D:2      | Reached skill level 1 in Armour
  1517 | D:2      | Reached skill level 1 in Dodging
  1517 | D:2      | Reached skill level 1 in Shields
  1517 | D:2      | Reached skill level 1 in Unarmed Combat
  1517 | D:2      | Reached skill level 1 in Evocations
  1648 | D:2      | Reached XP level 4. HP: 34/34 MP: 8/8
  1653 | D:2      | Learned a level 4 spell: Hailstorm
  1953 | D:2      | Learned a level 2 spell: Wereblood
  1971 | D:2      | Found a faded altar of an unknown god.
  1985 | D:2      | Prayed at the altar of an unknown god.
  1985 | D:2      | Became a worshipper of Uskayaw the Reveller
  1985 | D:2      | Reached * piety under Uskayaw
  2637 | D:3      | Reached ** piety under Uskayaw
  2650 | D:3      | Reached skill level 1 in Conjurations
  2650 | D:3      | Reached skill level 1 in Hexes
  2650 | D:3      | Reached skill level 1 in Summonings
  2650 | D:3      | Reached skill level 1 in Necromancy
  2650 | D:3      | Reached skill level 1 in Translocations
  2650 | D:3      | Reached skill level 1 in Transmutations
  2650 | D:3      | Reached skill level 1 in Fire Magic
  2650 | D:3      | Reached skill level 1 in Air Magic
  2650 | D:3      | Reached skill level 1 in Earth Magic
  2650 | D:3      | Reached skill level 1 in Poison Magic
  2715 | D:3      | Learned a level 1 spell: Foxfire
  2731 | D:3      | Gained mutation: You possess an exceptional clarity of
                  | mind. [potion of mutation]
  3149 | D:3      | Reached XP level 5. HP: 22/40 MP: 9/9
  3152 | D:3      | Reached *** piety under Uskayaw
  3733 | D:4      | Found Hioja's Magic Scroll Boutique.
  3753 | D:4      | Bought a scroll of identify for 22 gold pieces
  3753 | D:4      | Bought a scroll of identify for 22 gold pieces
  3753 | D:4      | Bought a scroll of teleportation for 33 gold pieces
  3823 | D:4      | Identified the +0 leather armour "Qudeodwuufu" {rPois}
  3883 | D:4      | Reached XP level 6. HP: 47/47 MP: 10/10
  3888 | D:4      | Found Cajugala's General Store.
  3914 | D:4      | Identified the +6 chain mail of Eternal Night {rC- Int+5}
  4018 | D:4      | Found a shimmering blue altar of Sif Muna.
  4024 | D:4      | Identified a scroll of acquirement
  4024 | D:4      | Acquired 266 gold pieces
  4372 | D:4      | Found Jaoss's Weapon Shop.
  4467 | D:5      | Entered Level 5 of the Dungeon
  4479 | D:5      | Noticed Pikel
  5360 | D:5      | Found Ryczyc's Assorted Antiques.
  5384 | D:5      | HP: 2/47 [lemure[Pikel] (6)]
  5388 | D:5      | Found a transporter.
  5389 | D:5      | Found a transporter.
  5389 | D:5      | Noticed bchevrier's ghost (novice GnWn)
  5407 | D:5      | Killed Pikel
  5408 | D:5      | Reached skill level 5 in Stealth
  5408 | D:5      | Reached skill level 9 in Ice Magic
  5408 | D:5      | Reached XP level 7. HP: 5/53 MP: 12/12
  6569 | D:5      | Bought a glowing cloak for 180 gold pieces
  6652 | D:5      | Reached XP level 8. HP: 53/60 MP: 14/14
  6724 | D:5      | Found a sacrificial altar of Ru.
  6790 | D:5      | Found Buuseus's Magic Scroll Shop.
  6800 | D:5      | Bought a scroll of identify for 26 gold pieces
  6818 | D:5      | Found a staircase to the Ecumenical Temple.
  7012 | D:5      | Noticed Eustachio
  7058 | D:5      | Killed Eustachio
  7535 | D:6      | Found a radiant altar of Vehumet.
  7767 | D:6      | Found an iron altar of Okawaru.
  8096 | D:6      | Found a white marble altar of Elyvilon.
  8583 | D:7      | Reached XP level 9. HP: 11/66 MP: 12/16
  8589 | D:7      | HP: 3/66 [poisoned by a water moccasin]
  9365 | D:7      | Reached skill level 5 in Spellcasting
 10179 | D:8      | Found a shimmering altar of Xom.
 10179 | D:8      | HP: 3/67 [poisoned by a killer bee]
 10180 | D:8      | Slain by a killer bee

Illustrated notes

Levels and vault maps discovered:
D:1:      dpeg_arrival_radiant, layout_loops_ring
D:2:      layout_loops_ring, hellmonk_ecumenical_altar_crossroads
D:3:      layout_loops_cross
D:4:      corexii_shack_village, layout_rooms, led_sif_book, serial_shops, shop,
          shop, nicolae_lakefront_shop
D:5:      layout_rooms, mainiacjoe_overflow_alcove_1, temple_pool_b,
          serial_shops, nicolae_shop_advertising_works
          [nicolae_subvault_shop_adworks], nicolae_shop_crystal,
          gammafunk_ghost_hive, lemuel_flamethrower_2, uniq_eustachio,
          uniq_pikel
D:6:      layout_rooms, elyvilon_altar_1, mainiacjoe_overflow_big_doors
D:7:      layout_layer_cave
D:8:      layout_basic, overflow_temple_1_default, minmay_lair_entry_grove,
          enter_bailey_3, item_on_display_b, uniq_erica

Skill      XL: |  1  2  3  4  5  6  7  8  9 |
---------------+----------------------------+-----
Invocations    | 1 3 4 |  4.5
Short Blades   | 1 2 3 4 |  4.1
Long Blades    | 1 2 3 4 |  4.1
Axes           | 1 2 3 4 |  4.1
Maces & Flails | 1 2 3 4 |  4.1
Polearms       | 1 2 3 4 |  4.1
Staves         | 1 2 3 4 |  4.1
Slings         | 1 2 3 4 |  4.1
Crossbows      | 1 2 3 4 |  4.1
Throwing       | 1 2 3 4 |  4.1
Armour         | 1 2 3 4 |  4.1
Dodging        | 1 2 3 4 |  4.1
Shields        | 1 2 3 4 |  4.1
Unarmed Combat | 1 2 3 4 |  4.1
Evocations     | 1 2 3 4 |  4.1
Spellcasting   | 3 4 5 |  5.0
Conjurations   | 1 2 3 |  3.3
Hexes          | 1 2 3 |  3.3
Summonings     | 1 2 3 |  3.3
Necromancy     | 1 2 3 |  3.3
Translocations | 1 2 3 |  3.3
Transmutations | 1 2 3 |  3.3
Fire Magic     | 1 2 3 |  3.3
Air Magic      | 1 2 3 |  3.3
Earth Magic    | 1 2 3 |  3.3
Poison Magic   | 1 2 3 |  3.3
Fighting       | 3 4 |  4.9
Bows           | 3 4 |  4.9
Stealth        | 5 |  5.9
Ice Magic      | 9 |  9.4

Action                   |  1- 3 |  4- 6 |  7- 9 || total
-------------------------+-------+-------+-------++-------
Melee: Short sword       |    96 |   168 |   204 ||   468
       Bite              |    11 |    15 |    24 ||    50
       Punch             |     1 |     2 |     4 ||     7
 Fire: Shortbow          |    59 |    86 |    70 ||   215
Throw: Stone             |       |     9 |     4 ||    13
       Boomerang         |       |       |     4 ||     4
 Cast: Wereblood         |       |     3 |     1 ||     4
Invok: Stomp             |       |       |     1 ||     1
  Use: Scroll            |       |    14 |     8 ||    22
       Potion            |       |     6 |     4 ||    10
 Stab: Sleeping          |     1 |     2 |     2 ||     5
       Paralysed         |       |     1 |     4 ||     5
Armor: Leather armour    |    20 |    44 |    47 ||   111
       Skin              |       |    15 |       ||    15
       Steam dragon scal |       |       |    34 ||    34
Dodge: Dodged            |    58 |    93 |   171 ||   322
